 Dungeon Crawl Stone Soup version 0.31-a0-1147-g46bab52692 (webtiles) character file.

Game seed: 14775450905436532535

340 Malachi the Trooper (level 6, -1/45 HPs)
             Began as a Demonspawn Gladiator on Dec 7, 2023.
             Was a Follower of Hepliaklqana.
             Slain by Natasha (8 damage)
             ... on level 4 of the Dungeon.
             The game lasted 00:03:55 (3190 turns).

Malachi the Trooper (Demonspawn Gladiator)          Turns: 3190, Time: 00:03:56

Health: -1/45      AC:  9    Str: 14    XL:     6   Next: 30%
Magic:  6/6        EV: 11    Int:  9    God:    Hepliaklqana [*.....]
Gold:   172        SH:  0    Dex: 16    Spells: 5/5 levels left

rFire   . . .        a - +0 rapier
rCold   . . .        (no shield)
rNeg    . . .        j - +0 ring mail
rPois   .            c - +0 helmet
rElec   .            (no cloak)
rCorr   .            (no gloves)
SInv    .            (no boots)
Will    .....        (no amulet)
Stlth   +            (no ring)
HPRegen 0.27/turn    (no ring)
MPRegen 0.10/turn

%: no passive effects
@: hasted and slowed
A: reduced essence, yellow scales 2, spiny 1, demonic touch 1
a: Renounce Religion, Recall Ancestor, Ancestor Identity


You were on level 4 of the Dungeon.
You worshipped Hepliaklqana.
Hepliaklqana was aware of your devotion.
You visited 1 branch of the dungeon, and saw 4 of its levels.

You collected 202 gold pieces.
You spent 30 gold pieces at shops.

Inventory:

Hand Weapons
 a - a +0 rapier (weapon)
Missiles
 d - 3 throwing nets (quivered)
 e - a javelin
Armour
 b - a +0 leather armour
 c - a +0 helmet (worn)
 j - a +0 ring mail (worn)
Wands
 n - a wand of mindburst (9)
Scrolls
 f - a scroll of identify
 g - a scroll of teleportation
 i - a scroll of silence
 m - a scroll of fear
Potions
 k - a potion of cancellation
 l - 2 potions of attraction


   Skills:
 + Level 4.9 Fighting
 + Level 4.9 Short Blades
 - Level 1.8 Throwing
 - Level 2.7 Dodging


You had 5 spell levels left.
You didn't know any spells.
Your spell library contained the following spells:

 Spells                   Type           Power      Damage    Failure   Level
 Cigotuvi's Dreadful Rot  Necr/Pois/Air  0%         N/A       77%         2
 Sublimation of Blood     Necr           0%         N/A       77%         2
 Ignite Poison            Fire/Tmut/Pois 0%         N/A       94%         3
 Anguish                  Hex/Necr       0%         N/A       100%        4
 Freezing Cloud           Conj/Ice/Air   0%         6-21      100%        5
 Haunt                    Necr/Summ      0%         N/A       100%        7


Dungeon Overview and Level Annotations

Branches:
Dungeon (4/15)
 Temple: D:4-7

Altars:
Hepliaklqana
Trog

Shops:
D:2 (   D:4 ?

Annotations:
D:4 Natasha


Innate Abilities, Weirdness & Mutations

Your life essence is reduced to manifest your ancestor. (-10% HP)
You are mostly covered in yellow scales. (AC +3)
You are partially covered in sharp spines.
Your touch may inflict minor irresistible damage on your foes.


Message History

The orc priest hits you with a +0 dagger.
A hound comes into view.
You hit the orc priest but do no damage.
The orc priest is almost dead.
Artakama barely misses the orc priest.
Natasha barely misses you.
The orc priest invokes the aid of Beogh against you.
Pain shoots through your body!
Artakama hits the orc priest but does no damage.
Unknown command.
You are too injured to fight recklessly!
Unknown command.
You are too injured to fight recklessly!
Unknown command.
You are too injured to fight recklessly!
You are too injured to fight recklessly!
Unknown command.
Natasha claws Artakama.
The orc priest closely misses Artakama.
Artakama closely misses the orc priest.
Natasha closely misses Artakama.
Found a fuming grey potion.
The hound completely misses you.
The orc priest looks satisfied for a moment.
Artakama hits Natasha.
The hound bites you.
Natasha stares at you and mumbles some strange words.
The magic dart hits you but does no damage.
The orc priest invokes the aid of Beogh against you.
Beogh smites you!
* * * LOW HITPOINT WARNING * * *
The hound bites you but does no damage.
Artakama hits the orc priest.
The orc priest dies!
Natasha casts a spell.
Okay, then.
You feel yourself speed up. The hound is struck by your spines.
The hound misses you.
A boomerang appears from out of your range of vision.
The boomerang barely misses Artakama.
The hound bites you but does no damage.
Artakama hits the cerulean imp.
The cerulean imp closely misses Artakama.
An orc comes into view. It is wielding a +0 dagger.
Natasha claws you!
You die...
Natasha curls up and begins to purr.

.# ##'###. ..
....... ((.
....... .... ####
.......
....##..##)...o..
.........†R).##
.......hh.5...#
!...##.@##....#
.. ##..#######
#....# +....#
##..## #.## #.#
#.# #.#


You could see the friendly Artakama the ancestor, a hound, Natasha, a cerulean
imp (summoned, distracted, ally target) and an orc (distracted).

Vanquished Creatures
  Sigmund (D:2)
  An iguana (D:3)
  6 adders
  3 gnolls (D:2)
  A worm (D:3)
  2 dart slugs
  5 endoplasms
  2 giant cockroaches (D:3)
  6 goblins
  5 hobgoblins
  A quokka (D:2)
  2 ball pythons
  4 bats
  3 frilled lizards (D:3)
  2 kobolds
  3 rats
47 creatures vanquished.

Vanquished Creatures (collateral kills)
  An orc priest (D:4)
  A dart slug (D:3)
  A ball python (D:3)
  A kobold (D:4)
4 creatures vanquished.

Vanquished Creatures (others)
  An ancestor (D:3)
1 creature vanquished.

Grand Total: 52 creatures vanquished

Notes
Turn   | Place    | Note
-------+----------+-------------------------------------------
     0 | D:1      | Malachi the Demonspawn Gladiator began the quest for the
                  | Orb.
     0 | D:1      | Reached XP level 1. HP: 16/16 MP: 1/1
   595 | D:1      | Gained mutation: You are partially covered in yellow
                  | scales. (AC +2) [demonic ancestry]
   595 | D:1      | Reached XP level 2. HP: 21/23 MP: 2/2
   914 | D:2      | Gained mutation: You are partially covered in sharp spines.
                  | [demonic ancestry]
   914 | D:2      | Reached XP level 3. HP: 28/28 MP: 3/3
   979 | D:2      | Found Byxeceocw's Weapon Shoppe.
  1426 | D:2      | Gained mutation: Your touch may inflict minor irresistible
                  | damage on your foes. [demonic ancestry]
  1426 | D:2      | Reached XP level 4. HP: 28/35 MP: 4/4
  1556 | D:2      | Found a faded altar of an unknown god.
  1696 | D:2      | Noticed Sigmund
  1718 | D:2      | Killed Sigmund
  1719 | D:2      | Reached XP level 5. HP: 20/43 MP: 5/5
  1732 | D:2      | Prayed at the altar of an unknown god.
  1732 | D:2      | Became a worshipper of Hepliaklqana the Forgotten
  1732 | D:2      | Reached * piety under Hepliaklqana
  2104 | D:3      | Gained mutation: You are mostly covered in yellow scales.
                  | (AC +3) [demonic ancestry]
  2104 | D:3      | Reached XP level 6. HP: 23/44 MP: 6/6
  2301 | D:3      | Got the Writings on Resurrection
  3053 | D:4      | Found Zinybo's Magic Scroll Boutique.
  3061 | D:4      | Bought a scroll of teleportation for 30 gold pieces
  3119 | D:4      | Found a bloodstained altar of Trog.
  3174 | D:4      | Noticed Natasha
  3190 | D:4      | Slain by Natasha

Illustrated notes

Levels and vault maps discovered:
D:1:      elethiomel_arrival_quiet, layout_basic
D:2:      layout_basic, shapermc_ecumenical_altar_flowoftime, serial_shops,
          nicolae_shop_tiny_glass, amcnicky_mini_corridor_feature, uniq_sigmund
D:3:      layout_basic, lemuel_coloured_pillars_altar, minmay_cupped
D:4:      layout_gridville, mainiacjoe_overflow_boulevard,
          minmay_temple_entry_antechambers, serial_shops, shop, uniq_natasha

Skill      XL: |  1  2  3  4 |
---------------+-------------+-----
Short Blades   | 3 4 |  4.9
Fighting       | 3 4 |  4.9
Throwing       | |  1.8
Dodging        | |  2.7

Action                     |  1- 3 |  4- 6 || total
---------------------------+-------+-------++-------
  Melee: Rapier            |    61 |    58 ||   119
         Punch             |     1 |       ||     1
         Touch             |       |     9 ||     9
 Invoke: Ancestor Identity |       |     1 ||     1
    Use: Potion            |       |     6 ||     6
         Scroll            |       |     5 ||     5
   Stab: Sleeping          |     2 |       ||     2
 Armour: Leather armour    |     7 |       ||     7
         Ring mail         |    25 |    38 ||    63
  Dodge: Dodged            |    31 |    24 ||    55

Table legend: (Time is in decaauts)
 A = Elapsed time spent in this place.
 B = Non-inter-level travel time spent in this place.
 C = Inter-level travel time spent in this place.
 D = Time resting spent in this place.
 E = Time spent auto-exploring this place.
 F = Levels seen in this place.
 G = Mean time per level.
                   A        B        C        D        E       F      G
               +--------+--------+--------+--------+--------+-----+--------+
         Total |   3192 |   3086 |    106 |    477 |   2233 |   4 |  798.0 |
       Dungeon |   3192 |   3086 |    106 |    477 |   2233 |   4 |  798.0 |
               +--------+--------+--------+--------+--------+-----+--------+

Top non-repeatable levels by time:
     D:2: 1167 daAuts
     D:3: 1077 daAuts
     D:1: 766 daAuts
     D:4: 180 daAuts
